 Dungeon Crawl Stone Soup version 0.29.1 (webtiles) character file.

Game seed: 26681696324707640

165 qw the Chopper (level 5, -3/32 HPs)
             Began as a Gargoyle Fighter on Sept 13, 2022.
             Splashed by a jelly's acid (9 damage)
             ... on level 4 of the Dungeon.
             The game lasted 00:01:03 (3152 turns).

qw the Chopper (Gargoyle Fighter)                   Turns: 3152, Time: 00:01:03

Health: -3/32      AC: 11    Str: 20 (22) XL:     5   Next: 46%
Magic:  5/5        EV:  7    Int:  7 (8)  God:
Gold:   129        SH:  5    Dex: 15      Spells: 4/4 levels left

rFire   . . .      SeeInvis .   Y - +0 war axe
rCold   . . .      Faith    .   c - +0 buckler
rNeg    + . .      Spirit   .   n - +0 chain mail
rPois   inf        Reflect  .   a - +0 helmet
rElec   +          Harm     .   (no cloak)
rCorr   .          Rampage  .   k - +0 pair of gloves
Will    .....                   (no boots)
Stlth   ..........              g - amulet of the acrobat
HPRegen 0.10/turn               e - +6 ring of dexterity
MPRegen 0.09/turn               (no ring)

@: corroded
A: sickness immunity, AC +4, negative energy resistance 1, electricity
resistance, torment resistance 1, petrification resistance
a: no special abilities


You were on level 4 of the Dungeon.
You visited 1 branch of the dungeon, and saw 4 of its levels.

You collected 129 gold pieces.


Innate Abilities, Weirdness & Mutations

You are immune to sickness and miasma.
Your stone body is resilient. (AC +4)
You are immune to poison.
You resist negative energy. (rN+)
You are resistant to electric shocks. (rElec)
You are resistant to unholy torment.
You are immune to petrification.


   Skills:
 - Level 3.2 Fighting
 + Level 4.8 Axes
 - Level 3.2 Armour
 - Level 1.0 Dodging
 - Level 3.2 Shields


You had 4 spell levels left.
You didn't know any spells.
Your spell library was empty.

Inventory:

Hand Weapons
 h - a +0 whip
 Y - a +0 war axe (weapon)
Armour
 a - a +0 helmet (worn)
 c - a +0 buckler (worn)
 k - a +0 pair of gloves (worn)
 n - a +0 chain mail (worn)
Jewellery
 e - a +6 ring of dexterity (left hand)
 g - an amulet of the acrobat (around neck)
Scrolls
 p - a scroll of identify
Potions
 d - 3 potions of might
 f - a potion of lignification {unknown}
 i - a potion of curing {unknown}
 j - a potion of cancellation {unknown}
 l - a potion of invisibility {unknown}
 m - a potion of magic {unknown}

Dungeon Overview and Level Annotations

Branches:
Dungeon (4/15)
 Temple: D:4-7

Altars:
Makhleb


Message History

The kobold hits you but does no damage.
You hit the kobold but do no damage.
The kobold is severely wounded.
You hit the hobgoblin.
The hobgoblin hits you but does no damage.
The kobold hits you but does no damage.
You slash the kobold!
You kill the kobold!
You hit the hobgoblin but do no damage. You block the hobgoblin's attack.
The hobgoblin hits you but does no damage.
You closely miss the hobgoblin.
The hobgoblin is moderately wounded.
The hobgoblin hits you but does no damage.
You closely miss the hobgoblin.
The hobgoblin is moderately wounded.
You block the hobgoblin's attack.
You slash the hobgoblin!
You kill the hobgoblin!
There is a stone staircase leading up here.
Found a stone staircase leading up.
There is a stone staircase leading up here.
Found 2 stones.
Enter note:
Found a stone staircase leading down.
A jelly comes into view.
The jelly quivers.
You barely miss the jelly. The jelly closely misses you.
You block the jelly's attack.
You slash the jelly! The acid corrodes you!
Your hands burn!
The jelly is heavily wounded.
The jelly hits you but does no damage.
You hit the jelly.
Your hands burn!
The jelly is severely wounded.
The jelly hits you.
You are splashed with acid!
You hit the jelly.
Your hands burn!
The jelly is almost dead.
The jelly hits you but does no damage. The jelly hits you.
You are splashed with acid!
You die...

##..#.#..###.#
......#...##.#
.#..##.....#.#
.#.........#.######
.#.........#......#
#######.......###.#
# #.#####.# .# #.#
#.###.# #># #...@.#
### #.##J.# #
#.......# #
......### #
#####.## # ..# #
#.. # #.## #


You could see a jelly.

Vanquished Creatures
  A hound (D:3)
  Ijyb (D:3)
  4 adders
  3 worms
  3 dart slugs
  3 ball pythons
  8 bats
  3 endoplasms (D:1)
  3 giant cockroaches
  2 goblins (D:3)
  7 hobgoblins
  5 jackals (D:3)
  5 kobolds
  A quokka (D:1)
  2 frilled lizards (D:1)
  7 rats
58 creatures vanquished.

Notes
Turn   | Place    | Note
-------+----------+-------------------------------------------
     0 | D:1      | qw the Gargoyle Fighter began the quest for the Orb.
     0 | D:1      | Reached XP level 1. HP: 14/14 MP: 1/1
     0 | D:1      | 0 ||| qw: Version: 0.1-a-119-g272c26d
     0 | D:1      | 0 ||| qw: Game counter: 11270
     0 | D:1      | 0 ||| qw: Always use a shield: true
     0 | D:1      | 0 ||| qw: God list: Okawaru
     0 | D:1      | 0 ||| qw: Allow faded altars: false
     0 | D:1      | 0 ||| qw: Do Orc after D:15 true
     0 | D:1      | 0 ||| qw: Do second Lair branch before Depths: true
     0 | D:1      | 0 ||| qw: Lair rune preference: random
     0 | D:1      | 0 ||| qw: Plans: Normal, Zot, God:TSO, Crypt, Tomb, Pan,
                  | Slime, Hells, Zig, Abyss, Orb
     0 | D:1      | 0 ||| PLANNING D:1-11
    28 | D:1      | Reached skill level 2 in Axes
   275 | D:1      | Reached XP level 2. HP: 12/19 MP: 2/2
   581 | D:1      | 581 ||| Stepping ~*~*~tactically~*~*~ (hiding).
   583 | D:1      | 583 ||| Stepping ~*~*~tactically~*~*~ (hiding).
   631 | D:1      | Reached skill level 3 in Axes
   697 | D:1      | Noticed a golden eye
   699 | D:1      | Found a faded altar of an unknown god.
   702 | D:1      | Noticed a shining eye
   702 | D:1      | Noticed a golden eye
   702 | D:1      | Noticed a great orb of eyes
   710 | D:1      | Reached XP level 3. HP: 23/23 MP: 3/3
   952 | D:1      | 952 ||| UPGRADING to +6 ring of dexterity.
   953 | D:1      | 953 ||| READING scroll labelled CYLEHO FEDY.
   957 | D:1      | 957 ||| READING scroll labelled KEJIMUHATE.
   958 | D:1      | 958 ||| READING scroll labelled ZIV HIEGYOCEIM.
   959 | D:1      | 959 ||| READING scroll labelled HONTOKH HOTTA.
   960 | D:1      | 960 ||| READING scroll labelled NOJERO BEPNI.
  1096 | D:2      | 1096 ||| Stepping ~*~*~tactically~*~*~ (stealth).
  1103 | D:2      | 1103 ||| Stepping ~*~*~tactically~*~*~ (stealth).
  1110 | D:2      | Reached skill level 1 in Dodging
  1193 | D:2      | 1193 ||| Stepping ~*~*~tactically~*~*~ (stealth).
  1194 | D:2      | 1194 ||| Stepping ~*~*~tactically~*~*~ (stealth).
  1271 | D:2      | Reached XP level 4. HP: 27/28 MP: 4/4
  1544 | D:2      | 1544 ||| UPGRADING to +0 helmet.
  1549 | D:2      | 1549 ||| UPGRADING to +0 pair of gloves.
  1554 | D:2      | 1554 ||| UPGRADING to amulet of the acrobat.
  1559 | D:2      | 1559 ||| READING scroll labelled QIRRYU ZARUT.
  1560 | D:2      | 1560 ||| DRINKING 2 murky white potions.
  1561 | D:2      | 1561 ||| DROPPING potion of degeneration.
  1839 | D:3      | 1839 ||| Stepping ~*~*~tactically~*~*~ (stealth).
  2007 | D:3      | Noticed Ijyb
  2010 | D:3      | Paralysed by Ijyb for 3 turns
  2015 | D:3      | Paralysed by Ijyb for 2 turns
  2019 | D:3      | HP: 7/28 [Ijyb/+7 club (4)]
  2022 | D:3      | Killed Ijyb
  2023 | D:3      | Reached skill level 4 in Axes
  2300 | D:3      | 2300 ||| Stepping ~*~*~tactically~*~*~ (stealth).
  2325 | D:3      | 2325 ||| Stepping ~*~*~tactically~*~*~ (hiding).
  2327 | D:3      | 2327 ||| Stepping ~*~*~tactically~*~*~ (hiding).
  2329 | D:3      | 2329 ||| Stepping ~*~*~tactically~*~*~ (hiding).
  2331 | D:3      | 2331 ||| Stepping ~*~*~tactically~*~*~ (hiding).
  2339 | D:3      | Reached XP level 5. HP: 32/32 MP: 5/5
  2463 | D:3      | Found a burning altar of Makhleb.
  2602 | D:3      | 2602 ||| Stepping ~*~*~tactically~*~*~ (stealth).
  2606 | D:3      | 2606 ||| Stepping ~*~*~tactically~*~*~ (stealth).
  2923 | D:3      | 2923 ||| UPGRADING to +0 chain mail.
  2933 | D:3      | 2933 ||| DROPPING +0 scale mail.
  2934 | D:3      | 2934 ||| READING scroll labelled QUPROU JOEGGE.
  3068 | D:4      | 3068 ||| STAIRDANCE
  3152 | D:4      | HP: 6/32 [jelly (3)]
  3152 | D:4      | Splashed by a jelly's acid

Levels and vault maps discovered:
D:1:      dpeg_arrival_arbitrary_a, layout_rooms,
          hellmonk_ecumenical_altar_watching_god, ebering_dispersal_statue_hall,
          dreamdust_princess_corridor, chequers_serial_rivers_large_a,
          minmay_crystal_water
D:2:      layout_rooms
D:3:      minmay_evil_eye, layout_loops_corners, nicolae_overflow_crystal_walls,
          uniq_ijyb
D:4:      layout_loops_ring, gammafunk_ghost_cemetery,
          kennysheep_generic_room_16, uniq_grinder

Skill      XL: |  1  2  3  4 |
---------------+-------------+-----
Axes           | 2 3 4 |  4.8
Dodging        | 1 |  1.0
Fighting       | |  3.2
Armour         | |  3.2
Shields        | |  3.2

Action                   |  1- 3 |  4- 6 || total
-------------------------+-------+-------++-------
Melee: War axe           |    84 |   119 ||   203
  Use: Scroll            |     5 |     2 ||     7
       Potion            |       |     1 ||     1
Armor: Scale mail        |    56 |    46 ||   102
       Chain mail        |       |    21 ||    21
Dodge: Dodged            |    31 |    48 ||    79
Block: Buckler           |    13 |    27 ||    40

Table legend:
 A = Non-vault XP
 B = Vault XP
 C = Vault XP percentage of total XP
 D = Non-vault monster count
 E = Vault monster count
 F = Vault count percentage of total count
                 A         B        C        D         E       F
            +---------+---------+-------+---------+---------+-------
      Total |     195 |      41 |  17.4 |      54 |       4 |   6.9
            +---------+---------+-------+---------+---------+-------
        D:1 |      36 |       0 |   0.0 |      19 |       0 |   0.0
        D:2 |      59 |       0 |   0.0 |      14 |       0 |   0.0
        D:3 |      97 |      41 |  29.7 |      19 |       4 |  17.4
        D:4 |       3 |       0 |   0.0 |       2 |       0 |   0.0
            +---------+---------+-------+---------+---------+-------
